 Dungeon Sprint DCSS version 0.30-a0-360-g447f08457e (webtiles) character file.

Game seed: 14610306353469528415

6925 Pestilence the Sage (level 10, 0/63 HPs)
             Began as a Demonspawn Ice Elementalist on Nov 13, 2022.
             Was a High Priest of Sif Muna.
             Slain by a dire elephant (31 damage)
             ... in the Dungeon (Sprint IX: "|||||||||||||||||||||||||||||").
             The game lasted 00:05:05 (902 turns).

Pestilence the Sage (Demonspawn Ice Elementalist)    Turns: 902, Time: 00:05:06

Health: 0/63       AC: 16    Str:  9    XL:     10   Next: 80%
Magic:  14/26      EV: 19    Int: 21    God:    Sif Muna [*****.]
Gold:   9          SH:  0    Dex: 16    Spells: 24/34 levels left

rFire   . . .      SeeInvis .    k - +6 dire flail (protect)
rCold   . . .      Faith    .    (shield currently unavailable)
rNeg    . . .      Spirit   .    o - +0 steam dragon scales
rPois   .          Reflect  .    (no helmet)
rElec   .          Harm     .    (no cloak)
rCorr   .          Rampage  .    l - +0 pair of gloves
Will    .....      NoTele   +    (no boots)
Stlth   ++........               (no amulet)
HPRegen 0.30/turn                m - +3 ring of dexterity
MPRegen 0.20/turn                n - +2 ring of protection

@: under a protective aura
A: powered by death 2, powered by pain 1, sharp scales 1
a: Renounce Religion, Channel Magic, Forget Spell, Divine Exegesis


You were in the Dungeon.
You worshipped Sif Muna.
Sif Muna was extremely pleased with you.
You visited 1 branch You collected 9 gold pieces.

Inventory:

Hand Weapons
 k - a +6 dire flail of protection (weapon)
Armour
 l - a +0 pair of gloves (worn)
 o - +0 steam dragon scales (worn)
Jewellery
 m - a +3 ring of dexterity (left hand)
 n - a +2 ring of protection (right hand)
 p - a ring of resist corrosion
Wands
 j - a wand of light (3)
Scrolls
 h - 2 scrolls of amnesia
 i - 2 scrolls of blinking
 r - a scroll of identify
 s - 2 scrolls of enchant armour
Potions
 a - a potion of might
 b - 4 potions of magic
 c - 5 potions of curing
 d - a potion of invisibility
 e - 2 potions of haste
 f - a potion of berserk rage
 g - 6 potions of heal wounds


   Skills:
 + Level 12.6 Dodging
 - Level 1.7 Stealth
 + Level 12.6 Spellcasting
 + Level 13.0 Ice Magic
 + Level 15.6 Invocations


You had 24 spell levels left.
You knew the following spells:

 Your Spells              Type           Power      Damage    Failure   Level
a - Freeze                Ice            100%       1d10      1%          1
b - Frozen Ramparts       Ice            100%       1d16      1%          3
c - Summon Ice Beast      Ice/Summ       40%        N/A       3%          4
d - Ensorcelled Hibernat  Hex/Ice        80%        N/A       1%          2

Your spell library contained the following spells:

 Spells                   Type           Power      Damage    Failure   Level
 Ozocubu's Armour         Ice            62%        N/A       1%          3
 Apportation              Tloc           26%        N/A       4%          1
 Necrotise                Necr           52%        1d6       4%          1
 Summon Small Mammal      Summ           52%        N/A       4%          1
 Summon Guardian Golem    Hex/Summ       13%        N/A       14%         3
 Yara's Violent Unravell  Hex/Tmut       6%         3d5       80%         5


Dungeon Overview and Level Annotations

Branches:
Dungeon (1/1)

Altars:
Cheibriados
Dithmenos
Fedhas
Gozag
Hepliaklqana
Kikubaaqudgha
Makhleb
Nemelex Xobeh
Okawaru
Qazlal
Ru
Sif Muna
Trog
Uskayaw
Vehumet
Wu Jian
Xom
Yredelemnul
Jiyva
Lugonu


Innate Abilities, Weirdness & Mutations

You regenerate health from kills.
You sometimes gain a little power by taking damage.
You are partially covered in razor-sharp scales. (AC +1, Slay +1)


Message History

You hit the dire elephant but do no damage.
The dire elephant is heavily wounded.
The wall freezes the dire elephant but does no damage.
The dire elephant tramples you.
You stumble backwards!
The frozen ramparts melt away as you move.
Casting: Frozen Ramparts (safe; 1% risk of failure)
Confirm with . or Enter, or press ? or * to list all spells.
Casting: Frozen Ramparts (safe; 1% risk of failure)
Press: ? - help, Dir - look around, f - activate The walls around you are covered in ice.
The wall freezes the elephant.
The wall freezes the elephant!
The wall freezes the dire elephant.
The dire elephant barely misses you.
The dire elephant trunk-slaps you but does no damage.
You hit the dire elephant.
The dire elephant is heavily wounded.
The wall freezes the dire elephant.
The dire elephant tramples you but does no damage.
The dire elephant trunk-slaps you.
The wall freezes the elephant!
The wall freezes the elephant.
You sock the dire elephant!
The dire elephant is severely wounded.
The wall freezes the dire elephant but does no damage.
The dire elephant barely misses you.
The dire elephant completely misses you.
The wall freezes the elephant.
The wall freezes the elephant but does no damage.
The wall freezes the dire elephant but does no damage.
The dire elephant tramples you.
You stumble backwards!
The frozen ramparts melt away as you move.
Casting: Frozen Ramparts (safe; 1% risk of failure)
Confirm with . or Enter, or press ? or * to list all spells.
Casting: Frozen Ramparts (safe; 1% risk of failure)
Press: ? - help, Dir - look around, f - activate The walls around you are covered in ice.
The wall freezes the dire elephant.
The dire elephant tramples you!
* * * LOW HITPOINT WARNING * * *
You stumble backwards!
The frozen ramparts melt away as you move.
You feel much better. The dire elephant tramples you!!
You die...

▓▓▓▓▓▓▓▓▓▓▓▓▓▓▓▓▓▓▓▓▓▓▓▓▓▓▓▓▓▓▓▓
.....'†††.....††@YYY.Y†..'.....Y
▓▓▓▓▓▓▓▓▓▓▓▓▓▓▓▓▓▓▓▓▓▓▓▓▓▓▓▓▓▓▓▓▓
.................................
▓▓▓▓▓▓▓▓▓▓▓▓▓▓▓▓▓▓▓▓▓▓▓▓▓▓▓▓▓▓▓▓▓
'________________________'..)..[[
▓▓▓▓▓▓▓▓▓▓▓▓▓▓▓▓▓▓▓▓▓▓▓▓▓▓▓▓▓▓▓▓▓


You could see a dire elephant and 3 elephants.

Vanquished Creatures
  A hydra (D)
  2 ugly things (D)
  A black mamba (D)
  4 elephants (D)
  2 cane toads (D)
  A kobold demonologist (D)
  A rime drake (D)
  A tengu conjurer (D)
  2 komodo dragons (D)
  A troll (shapeshifter) (D)
  A blink frog (D)
  A vampire (D)
  2 yaks (D)
  A steam dragon (D)
  A vampire mosquito (D)
  4 water moccasins (D)
  An orc warrior (D)
  A black bear (D)
  A wolf (D)
  2 bullfrogs (D)
  A scorpion (D)
  A gnoll sergeant (D)
  A jelly (D)
  A gnoll bouda (D)
  An iguana (D)
  An orc wizard (D)
  An orc (D)
  3 hobgoblins (D)
  A jackal (D)
  A ball python (D)
43 creatures vanquished.

Notes
Turn   | Place    | Note
-------+----------+-------------------------------------------
     0 | D        | Pestilence the Demonspawn Ice Elementalist began the quest
                  | for the Orb.
     0 | D        | Reached XP level 1. HP: 13/13 MP: 3/3
    69 | D        | Noticed an iguana
    69 | D        | Noticed a jelly
    69 | D        | Noticed a gnoll bouda
    69 | D        | Noticed a scorpion
    72 | D        | Killed an iguana
    73 | D        | Gained mutation: You regenerate a little health from kills.
                  | [demonic ancestry]
    73 | D        | Reached XP level 2. HP: 19/19 MP: 1/6
    73 | D        | Gained mutation: You sometimes gain a little power by
                  | taking damage. [demonic ancestry]
    73 | D        | Reached XP level 3. HP: 24/24 MP: 1/8
   156 | D        | Learned a level 3 spell: Frozen Ramparts
   160 | D        | Killed a scorpion
   161 | D        | Reached skill level 5 in Ice Magic
   161 | D        | Reached XP level 4. HP: 25/30 MP: 3/10
   163 | D        | Reached skill level 5 in Dodging
   163 | D        | Reached skill level 5 in Spellcasting
   166 | D        | Reached XP level 5. HP: 32/35 MP: 1/13
   324 | D        | Found a snail-covered altar of Cheibriados.
   324 | D        | Found a shadowy altar of Dithmenos.
   324 | D        | Found a blossoming altar of Fedhas.
   324 | D        | Found an opulent altar of Gozag.
   325 | D        | Found a hazy altar of Hepliaklqana.
   326 | D        | Found a viscous altar of Jiyva.
   327 | D        | Found an ancient bone altar of Kikubaaqudgha.
   328 | D        | Found a corrupted altar of Lugonu.
   329 | D        | Found a burning altar of Makhleb.
   330 | D        | Found a sparkling altar of Nemelex Xobeh.
   331 | D        | Found an iron altar of Okawaru.
   332 | D        | Found a stormy altar of Qazlal.
   333 | D        | Found a sacrificial altar of Ru.
   334 | D        | Found a shimmering blue altar of Sif Muna.
   335 | D        | Found a bloodstained altar of Trog.
   336 | D        | Found a hide-covered altar of Uskayaw.
   337 | D        | Found a radiant altar of Vehumet.
   338 | D        | Found an ornate altar of the Wu Jian Council.
   339 | D        | Found a shimmering altar of Xom.
   340 | D        | Found a basalt altar of Yredelemnul.
   342 | D        | Became a worshipper of Sif Muna the Loreminder
   377 | D        | Noticed an orc warrior
   377 | D        | Noticed a steam dragon
   377 | D        | Noticed a komodo dragon
   377 | D        | Noticed a vampire mosquito
   377 | D        | Noticed a kobold demonologist
   383 | D        | Reached skill level 3 in Invocations
   390 | D        | Killed a steam dragon
   391 | D        | Reached skill level 5 in Invocations
   391 | D        | Reached XP level 6. HP: 37/41 MP: 9/16
   395 | D        | Killed a komodo dragon
   395 | D        | Reached * piety under Sif Muna
   395 | D        | Killed an orc warrior
   396 | D        | Reached skill level 8 in Invocations
   396 | D        | Gained mutation: You are partially covered in razor-sharp
                  | scales. (AC +1, Slay +1) [demonic ancestry]
   396 | D        | Reached XP level 7. HP: 30/46 MP: 10/18
   396 | D        | Killed a vampire mosquito
   407 | D        | Killed a kobold demonologist
   407 | D        | Reached ** piety under Sif Muna
   408 | D        | Reached skill level 9 in Invocations
   408 | D        | Gained mutation: You regenerate health from kills. [demonic
                  | ancestry]
   408 | D        | Reached XP level 8. HP: 51/52 MP: 9/20
   488 | D        | Noticed a cyan ugly thing
   488 | D        | Noticed a tengu conjurer
   488 | D        | Noticed a purple ugly thing
   492 | D        | Noticed a troll
   492 | D        | Killed a cyan ugly thing
   493 | D        | Reached skill level 10 in Ice Magic
   493 | D        | Reached skill level 10 in Invocations
   493 | D        | Killed a tengu conjurer
   494 | D        | Reached skill level 11 in Invocations
   495 | D        | Killed a troll
   495 | D        | Reached *** piety under Sif Muna
   496 | D        | Reached skill level 10 in Spellcasting
   502 | D        | Reached skill level 10 in Dodging
   502 | D        | Reached XP level 9. HP: 44/57 MP: 16/23
   502 | D        | Killed a purple ugly thing
   503 | D        | Reached skill level 12 in Invocations
   660 | D        | Learned a level 4 spell: Summon Ice Beast
   660 | D        | Noticed a rime drake
   664 | D        | Reached **** piety under Sif Muna
   668 | D        | Noticed a black mamba
   671 | D        | Killed a rime drake
   672 | D        | Reached skill level 13 in Invocations
   674 | D        | Reached ***** piety under Sif Muna
   674 | D        | Received a gift from Sif Muna
   679 | D        | Killed a black mamba
   792 | D        | Noticed an elephant
   792 | D        | Noticed a cane toad
   792 | D        | Noticed a six-headed hydra
   793 | D        | Noticed a cane toad
   801 | D        | Killed an elephant
   802 | D        | Reached XP level 10. HP: 54/63 MP: 16/25
   802 | D        | Killed a six-headed hydra
   803 | D        | Reached skill level 14 in Invocations
   804 | D        | Killed a cane toad
   807 | D        | Killed a cane toad
   814 | D        | Received a gift from Sif Muna
   815 | D        | Reached skill level 15 in Invocations
   834 | D        | Got Sif Muna's Vellum of Bewitchment {god gift}
   872 | D        | Learned a level 2 spell: Ensorcelled Hibernation
   874 | D        | Noticed an elephant
   874 | D        | Noticed an elephant
   874 | D        | Noticed an elephant
   874 | D        | Noticed an elephant
   874 | D        | Noticed an elephant
   874 | D        | Noticed an elephant
   884 | D        | Noticed a dire elephant
   885 | D        | Killed an elephant
   889 | D        | Killed an elephant
   892 | D        | Killed an elephant
   902 | D        | Slain by a dire elephant

Illustrated notes

Levels and vault maps discovered:
D:        linesprint [early_d, line_temple, items_1, d_10, items_2, lair_1,
          lair_end, items_3, orc_1, orc_end, items_4, d_15, swamp_1, shoals_1,
          snake_1, spider_1, d_20, vaults_1, items_5, swamp_end, shoals_end,
          snake_end, spider_end, vaults_end, d_27, items_6, zot_1, zot_end,
          crypt_end, forest_end, elf_end, slime_end, tomb_end, abyss_end,
          pan_hell_end]

Skill      XL: |  1  2  3  4  5  6  7  8  9 10 |
---------------+-------------------------------+-----
Dodging        | 3 4 5 6 8 10 11 12 | 12.6
Ice Magic      | 4 5 6 7 8 9 10 11 13 | 13.0
Spellcasting   | 3 4 5 7 8 10 11 12 | 12.6
Invocations    | 5 8 9 11 13 15 | 15.6
Stealth        | |  1.7

Action                   |  1- 3 |  4- 6 |  7- 9 | 10-12 || total
-------------------------+-------+-------+-------+-------++-------
Melee: Unarmed           |    11 |       |       |       ||    11
       Dire flail        |       |     5 |    28 |    32 ||    65
 Cast: Freeze            |    14 |     3 |       |       ||    17
       Frozen Ramparts   |     1 |     2 |     7 |     9 ||    19
Evoke: Wand              |       |     2 |     5 |       ||     7
  Use: Potion            |     2 |       |       |     2 ||     4
       Scroll            |     1 |       |     4 |       ||     5
Armor: Robe              |     4 |     1 |     3 |       ||     8
       Steam dragon scal |       |       |    13 |    18 ||    31
Dodge: Dodged            |    15 |    12 |    27 |    28 ||    82

Table legend: (Time is in decaauts)
 A = Elapsed time spent in this place.
 B = Non-inter-level travel time spent in this place.
 C = Inter-level travel time spent in this place.
 D = Time resting spent in this place.
 E = Time spent auto-exploring this place.
 F = Levels seen in this place.
 G = Mean time per level.
                   A        B        C        D        E       F      G
               +--------+--------+--------+--------+--------+-----+--------+
         Total |    920 |    920 |      0 |    479 |     80 |   1 |  920.0 |
       Dungeon |    920 |    920 |      0 |    479 |     80 |   1 |  920.0 |
               +--------+--------+--------+--------+--------+-----+--------+

Top non-repeatable levels by time:
       D: 920 daAuts
